 Dungeon Crawl Stone Soup version 0.25.0-41-g26779e291d (webtiles) character file.

Game seed: 15055220553772488714

50728 funkygono the Basher (level 14, -1/127 HPs)
             Began as a Minotaur Fighter on July 11, 2020.
             Was a High Priest of the Shining One.
             Slain by an eight-headed hydra (3 damage)
             ... while petrified by a basilisk
             ... on level 6 of the Lair of Beasts.
             The game lasted 00:54:09 (18985 turns).

funkygono the Basher (Minotaur Fighter)            Turns: 18985, Time: 00:54:10

Health: -1/127     AC: 22    Str: 27    XL:     14   Next: 20%
Magic:  4/14       EV:  2    Int:  5    God:    the Shining One [*****.]
Gold:   1805       SH:  0    Dex: 13    Spells: 13/13 levels left

rFire    . . .     SeeInvis .   a - +8 flail (protect)
rCold    . . .     Gourm    .   c - +5 kite shield
rNeg     + + +     Faith    .   H - +2 plate armour
rPois    ∞         Spirit   .   i - +2 hat
rElec    .         Reflect  +   F - +2 cloak
rCorr    .         Harm     .   (no gloves)
MR       ++...                  (no boots)
Stlth    ..........             M - amulet "Gyerph" {Reflect rN+ Str+4 SH+5}
HPRegen  0.31/turn              e - ring of poison resistance
MPRegen  0.14/turn              L - ring of protection from magic

@: divine shield, petrified, glowing
A: retaliatory headbutt, horns 2
a: Divine Shield, Cleansing Flame, Summon Divine Warrior, Renounce Religion


You were on level 6 of the Lair of Beasts.
You worshipped the Shining One.
The Shining One was extremely pleased with you.
You were hungry.

You visited 3 branches of the dungeon, and saw 17 of its levels.
You also visited: Ice Cave.

You collected 1805 gold pieces.

Inventory:

Hand Weapons
 a - a +8 flail of protection (weapon)
 b - a +2 hunting sling of freezing
 u - a +2 executioner's axe of freezing
 y - a +0 triple sword of freezing
 D - a +2 triple sword of freezing
Missiles
 p - 404 stones
 R - 13 sling bullets (quivered)
Armour
 c - a +5 kite shield (worn)
 i - a +2 hat (worn)
 F - a +2 cloak (worn)
 H - a +2 plate armour (worn)
Jewellery
 e - a ring of poison resistance (left hand)
 q - an uncursed ring of resist corrosion
 r - an uncursed ring of protection from fire
 I - an uncursed ring of protection from cold
 J - a cursed -4 ring of protection {unknown}
 K - a +6 ring of intelligence
 L - a ring of protection from magic (right hand)
 M - the amulet "Gyerph" (around neck) {Reflect rN+ Str+4 SH+5}
   (You found it on level 3 of the Lair of Beasts)

   [amulet of reflection]

   It shields you and reflects attacks.
   It affects your strength (+4).
   It protects you from negative energy.
   It affects your SH (+5).
 P - an uncursed ring of stealth
Wands
 C - a wand of enslavement (13)
Scrolls
 j - 7 scrolls of magic mapping
 o - 10 scrolls of remove curse
 s - 4 scrolls of fog
 t - 3 scrolls of teleportation
 w - 3 scrolls of amnesia
 A - 3 scrolls of fear
 G - a scroll of blinking
 O - a scroll of enchant weapon
 Q - 2 scrolls of identify
 T - a scroll of silence {unknown}
 U - a scroll of brand weapon
Potions
 d - 5 potions of might
 g - 6 potions of mutation
 h - a potion of berserk rage
 k - 2 potions of magic
 l - 2 potions of flight
 m - 2 potions of haste
 n - a potion of resistance
 v - 5 potions of curing
 x - 2 potions of ambrosia
 z - 3 potions of lignification
 B - a potion of brilliance
 E - 3 potions of heal wounds
 S - a potion of degeneration {unknown}
Miscellaneous
 N - 2 phantom mirrors
Comestibles
 f - 37 rations


   Skills:
 + Level 12.9 Fighting
 + Level 14.3 Maces & Flails
 + Level 12.3 Slings
 + Level 11.7 Armour
 + Level 3.0 Dodging
 + Level 1.6 Stealth
 + Level 13.7 Shields
 + Level 2.5 Invocations


You had 13 spell levels left.
You didn't know any spells.
Your spell library contained the following spells:

 Spells                   Type           Power        Failure   Level  Hunger
 Apportation              Tloc           #.....       99%         1    ##.....
 Summon Butterflies       Summ           #.......     99%         1    ##.....
 Summon Small Mammal      Summ           #...         99%         1    ##.....
 Call Imp                 Summ           #.......     100%        2    ###....
 Call Canine Familiar     Summ           #.......     100%        3    ####...
 Lesser Beckoning         Tloc           #.........   100%        3    ####...
 Summon Guardian Golem    Hex/Summ       #.......     100%        3    ####...
 Tukima's Dance           Hex            #.......     100%        3    ####...
 Summon Ice Beast         Ice/Summ       #.......     100%        4    #####..
 Summon Lightning Spire   Summ/Air       #.......     100%        4    #####..
 Alistair's Intoxication  Tmut/Pois      #.......     100%        5    ######.
 Summon Mana Viper        Hex/Summ       #.......     100%        5    ######.
 Invisibility             Hex            #.......     100%        6    #######
 Summon Hydra             Summ           #.........   100%        7    #######


Dungeon Overview and Level Annotations

Branches:
Dungeon (10/15)            Temple (1/1) D:5            Lair (6/6) D:10
  Swamp (0/4) Lair:2        Snake (0/4) Lair:4        Slime (0/5) Lair:5
    Orc (0/2) D:10          IceCv (visited)

Altars:
Ashenzari
Cheibriados
Dithmenos
Elyvilon
Fedhas
Gozag
Hepliaklqana
Kikubaaqudgha
Makhleb
Nemelex Xobeh
Okawaru
Qazlal
Ru
Sif Muna
Trog
Uskayaw
Vehumet
Wu Jian
Xom
Yredelemnul
Zin
The Shining One

Shops:
D:7 *


Innate Abilities, Weirdness & Mutations

You reflexively headbutt those who attack you in melee.
You have a pair of horns on your head.


Message History

The wyvern bites you but does no damage.
The rime drake bites you but does no damage.
You have turned to stone.
The wyvern bites you but does no damage.
The basilisk bites you but does no damage.
The rime drake bites you but does no damage.
The eight-headed hydra bites you but does no damage.
The eight-headed hydra completely misses you.
The eight-headed hydra bites you but does no damage.
The eight-headed hydra bites you.
* * * LOW HITPOINT WARNING * * *
The eight-headed hydra bites you but does no damage. x4
The wyvern bites you but does no damage.
The wyvern bites you but does no damage.
The rime drake bites you.
* * * LOW HITPOINT WARNING * * *
The wyvern bites you but does no damage.
The basilisk bites you but does no damage.
The eight-headed hydra bites you!
You die...

#....P....<.....###.#.#...#
#....P........### ##.#..###
#...)..........# ###### #
#....P.......###
######.P.!...# ##P....##
###...# ####.k## ##.hl@l.#
###P..kDl.###
#P.....k....##
..P.....†....P#
....<...l.....#
#######......## #......#
#.$....# #(.....#


You could see an eight-headed hydra, a basilisk, 3 rime drakes, a hell hound and
3 wyverns.

Vanquished Creatures
  A reaper (IceCv)
  2 entropy weavers (Lair:4)
  Snorg (Lair:4)
  4 hydras
  Harold (D:9)
  A merfolk avatar (Lair:6)
  A queen ant (Lair:4)
  2 two-headed ogres
  A death yak (Lair:6)
  A sea snake (Lair:6)
  An unseen horror (D:10)
  4 oklob plants
  2 black mambas (Lair:6)
  11 elephants (Lair:6)
  A manticore (Lair:3)
  15 spiny frogs
  2 ice statues (IceCv)
  Maggie (D:9)
  4 rime drakes (Lair:6)
  11 komodo dragons
  5 ice devils (IceCv)
  2 trolls (D:10)
  2 wind drakes (Lair:6)
  A queen bee (Lair:3)
  5 polar bears
  8 blink frogs
  7 dream sheep (Lair:5)
  14 hippogriffs
  21 yaks
  6 wyverns
  7 basilisks
  A hungry ghost (D:9)
  14 water moccasins
  Edmund (D:4)
  8 soldier ants (Lair:4)
  A naga (Lair:4)
  4 porcupines
  A sky beast (D:5)
  A black bear (D:9)
  4 phantoms
  5 orc warriors
  An ogre (D:7)
  6 centaurs
  9 wolves
  11 crocodiles
  A big kobold (D:10)
  11 bullfrogs
  A wyvern zombie (D:9)
  5 scorpions
  27 killer bees (Lair:3)
  9 wights
  2 howler monkeys
  A crimson imp (D:5)
  A bullfrog zombie (D:6)
  2 bullfrog skeletons (D:9)
  A hound (D:5)
  2 jellies
  5 orc priests
  An iguana (D:5)
  5 orc wizards
  Terence (D:3)
  24 worker ants
  2 hell rats (Lair:5)
  A hound skeleton (D:6)
  A worker ant zombie (D:10)
  6 adders
  11 river rats
  A shadow imp (D:5)
  18 white imps
  6 ufetubi (IceCv)
  4 oozes
  An adder skeleton (D:5)
  4 adder zombies
  2 worms
  7 leopard geckos
  40 orcs
  2 ball pythons
  12 giant cockroaches
  4 goblins
  7 hobgoblins
  14 jackals
  5 quokkas
  9 bats
  6 frilled lizards
  12 kobolds
  2 leopard gecko skeletons (D:4)
  A leopard gecko zombie (D:5)
  A quokka skeleton (D:7)
  4 rats
  7 plants
501 creatures vanquished.

Vanquished Creatures (others)
  2 white imps (IceCv)
  8 ufetubi (IceCv)
  4 fungi
  14 plants
28 creatures vanquished.

Grand Total: 529 creatures vanquished

Notes
Turn   | Place    | Note
-------+----------+-------------------------------------------
     0 | D:1      | funkygono the Minotaur Fighter began the quest for the Orb.
     0 | D:1      | Reached XP level 1. HP: 19/19 MP: 0/0
   160 | D:1      | Reached XP level 2. HP: 22/27 MP: 1/1
   479 | D:2      | Reached skill level 3 in Maces & Flails
   539 | D:2      | Reached XP level 3. HP: 29/33 MP: 2/2
   704 | D:2      | Reached XP level 4. HP: 41/41 MP: 3/3
  1315 | D:3      | Reached skill level 4 in Maces & Flails
  1455 | D:3      | Noticed Terence
  1484 | D:3      | Killed Terence
  1484 | D:3      | Reached XP level 5. HP: 37/47 MP: 4/4
  1718 | D:3      | Found a hide-covered altar of Uskayaw.
  1742 | D:3      | Noticed a phantom
  1791 | D:3      | Killed a phantom
  1791 | D:3      | Reached skill level 5 in Fighting
  1791 | D:3      | Reached skill level 1 in Dodging
  2000 | D:3      | Found a radiant altar of Vehumet.
  2059 | D:3      | Found a blossoming altar of Fedhas.
  2094 | D:3      | Found a stormy altar of Qazlal.
  2300 | D:4      | Found an ornate altar of the Wu Jian Council.
  2327 | D:4      | Reached XP level 6. HP: 38/56 MP: 5/5
  2525 | D:4      | Noticed Edmund
  2542 | D:4      | Killed Edmund
  2542 | D:4      | Reached skill level 5 in Maces & Flails
  2542 | D:4      | Reached skill level 5 in Armour
  2542 | D:4      | Reached skill level 5 in Shields
  2934 | D:4      | Found a bloodstained altar of Trog.
  3011 | D:4      | Reached XP level 7. HP: 57/61 MP: 6/6
  3435 | D:5      | Entered Level 5 of the Dungeon
  3490 | D:5      | Found a staircase to the Ecumenical Temple.
  3519 | D:5      | Reached skill level 6 in Maces & Flails
  3562 | Temple   | Entered the Ecumenical Temple
  4120 | D:5      | Found a glowing golden altar of the Shining One.
  4143 | D:5      | Became a worshipper of the Shining One
  4442 | D:6      | Reached skill level 1 in Slings
  4581 | D:6      | Reached XP level 8. HP: 65/70 MP: 7/7
  4963 | D:6      | Reached skill level 7 in Maces & Flails
  4998 | D:6      | Reached * piety under the Shining One
  5441 | D:7      | Reached skill level 5 in Slings
  5595 | D:7      | You fall into a shaft and drop 3 floors!
  5595 | D:10     | Entered Level 10 of the Dungeon
  5595 | D:10     | Found a staircase to the Lair.
  5596 | D:10     | Noticed an oklob plant
  5605 | D:10     | Noticed a troll
  5723 | D:7      | Reached XP level 9. HP: 65/78 MP: 8/8
  5875 | D:7      | Found Yshrutao's General Store.
  5992 | D:7      | Reached ** piety under the Shining One
  6078 | D:7      | Reached skill level 8 in Maces & Flails
  6819 | D:8      | Noticed a two-headed ogre
  6830 | D:8      | Killed a two-headed ogre
  7293 | D:9      | Noticed Maggie
  7304 | D:9      | Killed Maggie
  7304 | D:9      | Reached XP level 10. HP: 81/90 MP: 9/9
  7525 | D:9      | Noticed Harold
  7539 | D:9      | Killed Harold
  7956 | D:9      | Found a sacrificial altar of Ru.
  7956 | D:9      | Found a bloodstained altar of Trog.
  7956 | D:9      | Found a snail-covered altar of Cheibriados.
  7956 | D:9      | Found a shadowy altar of Dithmenos.
  7964 | D:9      | Found a shimmering blue altar of Sif Muna.
  7964 | D:9      | Found an iron altar of Okawaru.
  8116 | D:10     | Noticed an unseen horror
  8126 | D:10     | Killed an unseen horror
  8126 | D:10     | Reached skill level 9 in Maces & Flails
  8426 | D:10     | Reached skill level 1 in Invocations
  8650 | D:10     | Killed an oklob plant
  8738 | D:10     | Found a staircase to the Orcish Mines.
  8775 | D:10     | Noticed a two-headed ogre
  8784 | D:10     | Killed a two-headed ogre
  8784 | D:10     | Reached XP level 11. HP: 84/97 MP: 11/11
  8826 | D:10     | Reached skill level 10 in Maces & Flails
  9364 | Lair:1   | Entered Level 1 of the Lair of Beasts
  9405 | Lair:1   | Reached *** piety under the Shining One
  9441 | Lair:1   | Reached skill level 10 in Slings
  9505 | Lair:1   | Noticed a four-headed hydra
  9515 | Lair:1   | Killed a four-headed hydra
  9515 | Lair:1   | Reached skill level 11 in Maces & Flails
  9912 | Lair:1   | Reached skill level 10 in Fighting
 10060 | Lair:1   | Noticed a seven-headed hydra
 10076 | Lair:1   | Killed a seven-headed hydra
 10176 | Lair:1   | Reached skill level 1 in Stealth
 10680 | Lair:2   | Found a staircase to the Swamp.
 10986 | Lair:2   | Noticed a five-headed hydra
 10995 | Lair:2   | Killed a five-headed hydra
 11067 | Lair:2   | Reached skill level 12 in Maces & Flails
 11340 | Lair:3   | Reached XP level 12. HP: 86/107 MP: 9/12
 11711 | Lair:3   | Reached skill level 10 in Shields
 11886 | Lair:3   | Reached **** piety under the Shining One
 11943 | Lair:3   | Found a frozen archway.
 11992 | IceCv    | Entered an ice cave
 12319 | IceCv    | Reached ***** piety under the Shining One
 13224 | IceCv    | Reached skill level 10 in Armour
 13232 | IceCv    | Noticed a reaper
 13253 | IceCv    | Killed a reaper
 14043 | Lair:3   | Reached skill level 13 in Maces & Flails
 14416 | Lair:3   | Got a glittering bronze amulet
 14709 | Lair:3   | Identified the amulet "Gyerph" {Reflect rN+ Str+4 SH+5}
                  | (You found it on level 3 of the Lair of Beasts)
 14765 | Lair:4   | Noticed a queen ant
 14765 | Lair:4   | Noticed an entropy weaver
 14766 | Lair:4   | Noticed an entropy weaver
 14893 | Lair:4   | Killed an entropy weaver
 14893 | Lair:4   | Reached XP level 13. HP: 56/117 MP: 13/13
 15130 | Lair:4   | Found a staircase to the Snake Pit.
 15176 | Lair:4   | Got a bloodstained war axe
 15195 | Lair:4   | Noticed Snorg
 15211 | Lair:4   | Killed Snorg
 15396 | Lair:4   | Killed an entropy weaver
 16022 | Lair:4   | Identified the +8 war axe "Qumojout" {drain, rElec} (You
                  | found it on level 4 of the Lair of Beasts)
 16861 | Lair:5   | Found a staircase to the Slime Pits.
 17284 | Lair:6   | Entered Level 6 of the Lair of Beasts
 17476 | Lair:6   | Reached skill level 14 in Maces & Flails
 18519 | Lair:6   | Reached XP level 14. HP: 127/127 MP: 14/14
 18982 | Lair:6   | HP: 5/127 [eight-headed hydra (3)]
 18985 | Lair:6   | HP: 2/127 [rime drake (2)]
 18985 | Lair:6   | Slain by an eight-headed hydra

Illustrated notes

Levels and vault maps discovered:
D:1:      scummos_arrival_simple_crosswalls, layout_rooms,
          corexii_leaking_fountain, minmay_pentomino_x2
D:2:      layout_loops_ring, st_stairs_1
D:3:      layout_basic, fiery_altar_vehumet, old_standard_altar,
          lemuel_crystal_altar, lemuel_doored_altar, uniq_terence
D:4:      minmay_razor_zed, layout_loops_ring, kennysheep_little_box,
          first_ration, trog_book, uniq_edmund
D:5:      layout_cave_pools, tso_oasis_becter,
          minmay_temple_entry_gardened_gates
D:6:      cheibrodos_helix_gallery, layout_basic, st_stairs_1
D:7:      layout_loops_corners, serial_shops, shop, grunt_ogre_cave
D:8:      layout_rooms
D:9:      layout_loops_ring, minmay_overflow_temple_hex, uniq_maggie,
          uniq_harold
D:10:     layout_loops_ring, dpeg_oklobed_lair, hiddenorc1_lemuel,
          chequers_serial_rivers_small_3
Temple:   eino_temple_lava
Lair:1:   layout_concentric_octagons, grunt_megastairs_1
Lair:2:   layout_loops_ring, swamp_mist, chequers_serial_rivers_micro_a
Lair:3:   regret_index_tunnel_blossom, layout_regular_city,
          portal_ice_cave_entry_imps, chequers_serial_rivers_room_b
Lair:4:   layout_regular_city, guppyfry_snake_entry_island,
          gauntlet_entry_generic, minmay_another_anthill, uniq_snorg
Lair:5:   layout_hall_layers, dpeg_slime_entry_corner, kennysheep_rathole
Lair:6:   gammafunk_lair_ancient_temple, layout_cave_pods, special_room
          [special_room_mythical_zoo], minmay_lair_oklob_chamber

Skill      XL: |  1  2  3  4  5  6  7  8  9 10 11 12 13 14 |
---------------+-------------------------------------------+-----
Fighting       | 4 5 6 8 9 10 11 12 | 12.9
Armour         | 4 5 6 7 8 9 10 11 | 11.7
Maces & Flails | 3 4 5 6 7 8 9 12 13 14 | 14.3
Shields        | 4 5 6 7 8 9 11 13 | 13.7
Dodging        | 1 2 3 |  3.0
Slings         | 2 5 8 9 10 11 12 | 12.3
Invocations    | 1 2 |  2.5
Stealth        | 1 |  1.6

Action                   |  1- 3 |  4- 6 |  7- 9 | 10-12 | 13-15 || total
-------------------------+-------+-------+-------+-------+-------++-------
Melee: Flail             |    76 |   138 |   167 |   552 |   428 ||  1361
       Headbutt          |     7 |    26 |    22 |   111 |   103 ||   269
       Unarmed           |       |    14 |       |       |       ||    14
       Whip              |       |       |     5 |       |       ||     5
 Fire: Hunting sling     |       |       |   159 |   316 |   162 ||   637
Invok: Divine Shield     |       |       |       |     5 |     5 ||    10
       Cleansing Flame   |       |       |       |       |     2 ||     2
  Use: Scroll            |     6 |     9 |     6 |    21 |     3 ||    45
       Potion            |       |       |       |     3 |       ||     3
  Eat: Chunk             |       |     7 |    13 |     9 |    10 ||    39
       Ration            |       |       |       |     5 |     1 ||     6
Armor: Scale mail        |    31 |    54 |       |       |       ||    85
       Skin              |       |     2 |       |       |       ||     2
       Chain mail        |       |     8 |    59 |       |       ||    67
       Plate armour      |       |       |       |   264 |   214 ||   478
Dodge: Dodged            |    24 |    43 |    46 |    86 |    70 ||   269
Block: Kite shield       |    38 |    76 |    96 |   523 |   419 ||  1152
       Reflection        |       |       |       |       |     8 ||     8
